 Dungeon Crawl Stone Soup version 0.19.0 (webtiles) character file.

8388 Jerry the Severer (level 11, 0/114 (115) HPs)
             Began as a Hill Orc Monk on Nov 2, 2016.
             Was a High Priest of Qazlal.
             Slain by Banto's ghost (12 damage)
             ... on level 10 of the Dungeon.
             The game lasted 00:32:56 (9035 turns).

Jerry the Severer (Hill Orc Monk)                   Turns: 9035, Time: 00:32:57

HP:   0/114 (115)   AC: 16    Str: 27      XL:     11   Next: 30%
MP:   11/11         EV: 12    Int: 12 (13) God:    Qazlal [*****.]
Gold: 667           SH: 10    Dex: 15      Spells: 0 memorised, 10 levels left

rFire  . . .     SeeInvis +     N - +3 war axe
rCold  x . .     Gourm    .     p - +2 ring mail of Logruj {rC- Str+4 Int+3 SInv}
rNeg   + . .     Faith    .     (no shield)
rPois  .         Spirit   .     (no helmet)
rElec  .         Reflect  .     b - +0 cloak
rCorr  .         Harm     .     (no gloves)
MR     .....                    y - +1 pair of boots
Stlth  ..........               i - amulet of rage
                                w - ring of flight
                                t - ring of positive energy

@: berserking, protected from physical damage, repel missiles, very quick
A: large bone plates 1, agile 1, blurry vision 1, deterioration 1, frail 1
a: Upheaval, Elemental Force, Disaster Area, Renounce Religion, Evoke Berserk
Rage, Evoke Flight


You were on level 10 of the Dungeon.
You worshipped Qazlal.
Qazlal was extremely pleased with you.
You were hungry.

You visited 2 branches of the dungeon, and saw 11 of its levels.

You collected 667 gold pieces.

Inventory:

Hand Weapons
 D - a +2 war axe of chopping
 N - a +3 war axe (weapon)
 R - a +2 hand axe of flaming
Missiles
 z - 5 tomahawks (quivered)
Armour
 b - a +0 cloak (worn)
 f - a +0 scale mail
 p - the +2 ring mail of Logruj (worn) {rC- Str+4 Int+3 SInv}
   (You found it on level 5 of the Dungeon)

   It affects your strength (+4).
   It affects your intelligence (+3).
   It makes you vulnerable to cold.
   It lets you see invisible.
 y - a +1 pair of boots (worn)
Jewellery
 i - an amulet of rage (around neck)
 t - a ring of positive energy (left hand)
 w - a ring of flight (right hand)
Wands
 d - a wand of flame (34/48)
 x - a wand of teleportation (3/9)
 A - a wand of slowing (26/48)
 G - a wand of acid (4/15)
 P - a wand of disintegration (6/24)
 Q - a wand of lightning (12/15)
Scrolls
 a - 4 scrolls of immolation {unknown}
 e - 3 scrolls of remove curse
 g - a scroll of blinking
 l - 3 scrolls of magic mapping
 r - 2 scrolls of noise {unknown}
 s - 2 scrolls of recharging {unknown}
 B - 5 scrolls of amnesia {unknown}
 C - a scroll of enchant weapon {unknown}
 J - a scroll of random uselessness {unknown}
 L - a scroll of fear {unknown}
 U - a scroll of identify
 V - 3 scrolls of vulnerability {unknown}
Potions
 h - 3 potions of brilliance
 j - a potion of agility
 k - 5 potions of curing
 n - 2 potions of degeneration {unknown}
 o - 3 potions of heal wounds
 q - 3 potions of cure mutation {unknown}
 u - 2 potions of magic {unknown}
 v - a potion of might {unknown}
 E - a potion of invisibility {unknown}
 H - a potion of beneficial mutation {unknown}
 M - a potion of haste
 O - a potion of flight {unknown}
Comestibles
 c - 5 bread rations
 m - 2 royal jellies
 F - a beef jerky
 I - 19 fruits
 K - 3 meat rations
 S - 6 slices of pizza


   Skills:
 + Level 5.0 Fighting
 * Level 15.4 Axes
 + Level 12.5 Armour
 - Level 2.4 Dodging
 - Level 1.5 Stealth


You had 10 spell levels left.
You didn't know any spells.

Dungeon Overview and Level Annotations

Branches:
Dungeon (10/15)            Temple (1/1) D:5
   Lair: D:8-11         Orc: D:9-12

Altars:
Ashenzari
Cheibriados
Dithmenos
Elyvilon
Fedhas
Gozag
Hepliaklqana
Kikubaaqudgha
Makhleb
Nemelex Xobeh
Okawaru
Qazlal
Ru
Sif Muna
Trog
Uskayaw
Vehumet
Xom
Yredelemnul
Zin
The Shining One

Shops:
D:4 *!

Annotations:
D:10 Banto's ghost, journeyman HESk


Innate Abilities, Weirdness & Mutations

You are partially covered in large bone plates. (SH +4)
You are agile. (Dex +2)
Scrolls take you a little longer to read.
Your body sometimes deteriorates upon taking damage.
You are frail. (-10% HP)


Message History

You barely miss Banto's ghost. You block Banto's ghost's attack.
You barely miss Banto's ghost. You slice Banto's ghost!!
Banto's ghost is moderately damaged.
You completely miss Banto's ghost.
Banto's ghost is moderately damaged.
Banto's ghost hits you!
* * * LOW HITPOINT WARNING * * *
You completely miss Banto's ghost.
Banto's ghost is moderately damaged.
You hit Banto's ghost.
Banto's ghost is moderately damaged.
Banto's ghost hits you!!
* * * LOW HITPOINT WARNING * * *
You miss Banto's ghost.
Banto's ghost is moderately damaged.
You miss Banto's ghost.
Banto's ghost is moderately damaged.
Banto's ghost hits you!
You die...

.......#...#....†.....#
.......#.#.#####).....#
.......#.......†(..####
...)#######.####.#.#
.............# #.#.# ...≈
.....(.......# #.#.# ....≈≈.
..........(..# #.#.# ...≈≈≈.
.............# #.#.# ....≈≈.
##...........###@#.# .......
#............##W#.####.W.....
#...########.##..............
#...# #..#.............[
#...# ##.#..............
#...# #........######## #####
#........# #...###### #...#


You could see Banto's ghost.

Vanquished Creatures
  A hydra (D:8)
  Pikel (D:5)
  2 dream sheep (D:8)
  6 yaks
  Menkaure (D:7)
  A soldier ant (D:10)
  Edmund (D:5)
  Duvessa (D:5)
  2 black bears
  A slave (D:5)
  2 orc warriors
  4 ice beasts
  3 sky beasts
  A necrophage (D:7)
  3 ogres
  5 centaurs
  5 big kobolds
  8 bullfrogs
  A scorpion (D:6)
  14 killer bees
  17 wights
  5 howler monkeys
  An electric eel (D:10)
  2 lava snakes (D:7)
  A crimson imp (D:8)
  A centaur zombie (D:8)
  A bullfrog zombie (D:9)
  5 hounds
  2 jellies
  6 orc priests
  2 bullfrog skeletons
  A centaur skeleton (D:4)
  6 orc wizards
  Ijyb (D:3)
  2 iguanas
  8 worker ants
  A hound zombie (D:8)
  2 worker ant zombies
  A howler monkey skeleton (D:7)
  4 gnolls (D:7)
  10 adders
  A shadow imp (D:5)
  2 worms
  2 adder skeletons
  A dart slug (D:1)
  10 leopard geckos
  43 orcs
  7 bats
  5 giant cockroaches
  9 goblins
  11 hobgoblins
  2 jackals
  6 quokkas
  A ball python (D:3)
  4 frilled lizards
  A jackal skeleton (D:4)
  A jackal zombie (D:5)
  17 kobolds
  A quokka zombie (D:5)
  4 rats
  A plant (D:8)
271 creatures vanquished.

Vanquished Creatures (others)
  A slave (D:5)
  Dowan (D:5)
  A howler monkey (D:5)
  A centaur zombie (D:5)
  A jelly (D:5)
5 creatures vanquished.

Grand Total: 276 creatures vanquished

Notes
Turn   | Place    | Note
-------+----------+-------------------------------------------
     0 | D:1      | Jerry the Hill Orc Monk began the quest for the Orb.
     0 | D:1      | Reached XP level 1. HP: 19/19 MP: 1/1
   260 | D:1      | Reached skill level 1 in Armour
   260 | D:1      | Reached XP level 2. HP: 20/26 MP: 2/2
   984 | D:1      | Gained mutation: You are agile. (Dex +2) [potion of mutation]
   984 | D:1      | Gained mutation: Scrolls take you a little longer to read. [potion of mutation]
   984 | D:1      | Gained mutation: You are partially covered in large bone plates. (SH +4) [potion of mutation]
   985 | D:1      | Gained mutation: Your body sometimes deteriorates upon taking damage. [potion of mutation]
  1062 | D:2      | Reached XP level 3. HP: 31/31 MP: 3/3
  1168 | D:2      | Reached skill level 5 in Axes
  1255 | D:2      | Found a faded altar of an unknown god.
  1395 | D:3      | Reached XP level 4. HP: 21/39 MP: 4/4
  1737 | D:3      | Found a sacrificial altar of Ru.
  1753 | D:3      | Noticed Ijyb
  1771 | D:3      | Killed Ijyb
  2108 | D:4      | Found Guaczigh's Distillery.
  2158 | D:4      | Found an iron altar of Okawaru.
  2179 | D:4      | Reached skill level 6 in Axes
  2179 | D:4      | Reached XP level 5. HP: 35/45 MP: 5/5
  2282 | D:4      | Found a snail-covered altar of Cheibriados.
  2362 | D:4      | Found Zin's Purification Station.
  2365 | D:4      | Found a glowing silver altar of Zin.
  2445 | D:4      | Found a burning altar of Makhleb.
  2466 | D:4      | Reached XP level 6. HP: 51/51 MP: 6/6
  2492 | D:4      | Reached skill level 7 in Axes
  2945 | D:5      | Entered Level 5 of the Dungeon
  2948 | D:5      | Found a staircase to the Ecumenical Temple.
  2957 | Temple   | Entered the Ecumenical Temple
  3189 | D:5      | Noticed a slave
  3199 | D:5      | Noticed Pikel
  3202 | D:5      | Noticed a slave
  3210 | D:5      | Killed a slave
  3212 | D:5      | Killed Pikel
  3212 | D:5      | Reached skill level 8 in Axes
  3212 | D:5      | Reached XP level 7. HP: 57/57 MP: 7/7
  3240 | D:5      | Killed Dowan
  3299 | D:5      | Got a smelly ring mail
  3310 | D:5      | Identified the +2 ring mail of Logruj {rC- Str+4 Int+3 SInv} (You found it on level 5 of the Dungeon)
  3345 | D:5      | Noticed Duvessa
  3364 | D:5      | Killed Duvessa
  3364 | D:5      | Reached skill level 9 in Axes
  3364 | D:5      | Reached XP level 8. HP: 36/64 MP: 8/8
  3516 | D:5      | Noticed Edmund
  3642 | D:5      | Killed Edmund
  3902 | D:5      | Found a stormy altar of Qazlal.
  3907 | D:5      | Became a worshipper of Qazlal Stormbringer
  3907 | D:5      | Reached * piety under Qazlal
  3907 | D:5      | Reached ** piety under Qazlal
  4066 | D:5      | Found an opulent altar of Gozag.
  4137 | D:5      | Reached skill level 10 in Axes
  4493 | D:6      | Reached skill level 11 in Axes
  4493 | D:6      | Reached XP level 9. HP: 70/70 MP: 9/9
  4754 | D:6      | Found a blossoming altar of Fedhas.
  5211 | D:7      | Reached *** piety under Qazlal
  5281 | D:7      | Noticed Menkaure
  5288 | D:7      | Killed Menkaure
  5288 | D:7      | Reached skill level 12 in Axes
  5664 | D:7      | Reached skill level 10 in Armour
  5980 | D:7      | Reached XP level 10. HP: 76/76 MP: 10/10
  5999 | D:7      | Reached skill level 13 in Axes
  6165 | D:7      | Reached **** piety under Qazlal
  7059 | D:8      | Found a hazy altar of Hepliaklqana.
  7259 | D:8      | Reached skill level 14 in Axes
  7296 | D:8      | Noticed a two-headed hydra
  7515 | D:8      | Killed a one-headed hydra
  7752 | D:8      | Found a shimmering altar of Xom.
  7754 | D:8      | Found a hazy altar of Hepliaklqana.
  7757 | D:8      | Found a deep blue altar of Sif Muna.
  8171 | D:9      | Reached XP level 11. HP: 64/82 MP: 11/11
  8182 | D:9      | Gained mutation: You are frail. (-10% HP) [mutagenic meat]
  8228 | D:9      | Reached ***** piety under Qazlal
  8287 | D:9      | Found a shattered altar of Ashenzari.
  8642 | D:10     | Entered Level 10 of the Dungeon
  8661 | D:10     | Reached skill level 15 in Axes
  8928 | D:10     | Reached skill level 5 in Fighting
  9011 | D:10     | Noticed Banto's ghost (journeyman HESk)
  9035 | D:10     | Slain by Banto's ghost

Skill      XL: |  1  2  3  4  5  6  7  8  9 10 11 |
---------------+----------------------------------+-----
Armour         | 1 2 3 4 6 8 10 12 | 12.5
Axes           | 5 6 8 9 11 12 14 15 | 15.4
Fighting       | 5 |  5.0
Dodging        | |  2.4
Stealth        | |  1.5

Action                   |  1- 3 |  4- 6 |  7- 9 | 10-12 || total
-------------------------+-------+-------+-------+-------++-------
Melee: Hand axe          |   123 |   216 |   103 |     2 ||   444
       War axe           |       |       |   211 |   369 ||   580
 Abil: Evoke Berserk Rag |       |     1 |     1 |     1 ||     3
       Evoke Flight      |       |       |       |     2 ||     2
       Stop Flying       |       |       |       |     1 ||     1
  Use: Scroll            |     2 |     3 |       |     4 ||     9
       Potion            |     2 |       |     1 |       ||     3
 Stab: Sleeping          |     1 |       |       |       ||     1
  Eat: Chunk             |     1 |     5 |    12 |    13 ||    31
       Pizza             |       |     1 |       |       ||     1
Armor: Robe              |     1 |       |       |       ||     1
       Scale mail        |    34 |    87 |     1 |       ||   122
       Ring mail         |       |       |    81 |    78 ||   159
Dodge: Dodged            |    73 |   138 |   124 |   129 ||   464
       Deflected         |       |       |       |     4 ||     4
Block: Other             |     9 |    40 |    78 |   132 ||   259
